 Dungeon Crawl Stone Soup version 0.29.1-15-g9cfb28693d (webtiles) character file.

Game seed: 4813631265929703804

8464 devnull the Spear-Bearer (level 11, -17/95 HPs)
             Began as a Merfolk Gladiator on Apr 2, 2023.
             Was a Follower of the Shining One.
             Demolished by a boulder beetle (54 damage)
             ... on level 11 of the Dungeon.
             The game lasted 00:24:18 (12512 turns).

devnull the Spear-Bearer (Merfolk Gladiator)       Turns: 12512, Time: 00:24:19

Health: -17/95     AC:  9    Str: 19    XL:     11   Next: 31%
Magic:  11/11      EV: 21    Int:  8    God:    the Shining One [*.....]
Gold:   623        SH:  3    Dex: 15    Spells: 10/10 levels left

rFire   . . .      SeeInvis .   a - +4 trident
rCold   . . .      Faith    .   m - +0 buckler
rNeg    . . .      Spirit   .   b - +0 leather armour
rPois   .          Reflect  .   c - +0 helmet
rElec   .          Harm     .   (no cloak)
rCorr   .          Rampage  .   y - +0 pair of gloves
Will    .....                   (no boots)
Stlth   +.........              (no amulet)
HPRegen 0.25/turn               A - +4 ring of protection
MPRegen 0.12/turn               l - +4 ring of evasion

@: glowing
A: (nimble swimmer 2), mertail
a: Renounce Religion, Divine Shield


You were on level 11 of the Dungeon.
You worshipped the Shining One.
The Shining One was aware of your devotion.
You visited 2 branches of the dungeon, and saw 12 of its levels.
You also visited: Ossuary.

You collected 744 gold pieces.
You spent 121 gold pieces at shops.

Inventory:

Hand Weapons
 a - a +4 trident (weapon)
 K - a +2 scimitar of flaming
Missiles
 d - a throwing net
 j - 23 poisoned darts (quivered)
 E - a javelin
 N - 6 atropa-tipped darts
 P - a curare-tipped dart
Armour
 b - a +0 leather armour (worn)
 c - a +0 helmet (worn)
 m - a +0 buckler (worn)
 y - a +0 pair of gloves (worn)
Jewellery
 h - a ring of positive energy
 l - a +4 ring of evasion (right hand)
 p - a ring of positive energy
 A - a +4 ring of protection (left hand)
Wands
 B - a wand of paralysis (6)
 D - a wand of roots (7)
 I - a wand of polymorph (4)
 M - a wand of digging (3)
Scrolls
 f - 4 scrolls of teleportation
 o - a scroll of vulnerability
 q - 2 scrolls of amnesia
 r - 2 scrolls of enchant armour
 s - 2 scrolls of magic mapping
 t - 5 scrolls of poison
 v - 4 scrolls of immolation
 x - 2 scrolls of fear
 z - 2 scrolls of blinking
 C - 4 scrolls of butterflies
Potions
 e - a potion of lignification
 g - a potion of cancellation
 i - 3 potions of degeneration
 k - 7 potions of heal wounds
 n - 3 potions of haste
 u - a potion of berserk rage {unknown}
 w - 3 potions of curing
 F - a potion of invisibility {unknown}
 G - 3 potions of ambrosia
 H - a potion of mutation {unknown}
 J - 3 potions of brilliance
 O - a potion of attraction {unknown}
 Q - a potion of resistance {unknown}


   Skills:
 + Level 11.9 Fighting
 - Level 14.0 Polearms
 - Level 2.0 Throwing
 - Level 12.0 Dodging


You had 10 spell levels left.
You didn't know any spells.
Your spell library contained the following spells:

 Spells                   Type           Power      Damage    Failure   Level
 Beastly Appendage        Tmut           0%         N/A       58%         1
 Ensorcelled Hibernation  Hex/Ice        0%         N/A       73%         2
 Passwall                 Tmut/Erth      0%         N/A       73%         2
 Wereblood                Tmut           0%         N/A       73%         2
 Spider Form              Tmut/Pois      0%         N/A       91%         3
 Swiftness                Air            0%         N/A       91%         3


Dungeon Overview and Level Annotations

Branches:
Dungeon (11/15)            Temple (1/1) D:5             Orc (0/2) D:10
Ossuary (visited)
   Lair: D:8-11

Altars:
Ashenzari
Cheibriados
Dithmenos
Elyvilon
Fedhas
Gozag
Hepliaklqana
Kikubaaqudgha
Makhleb
Nemelex Xobeh
Okawaru
Qazlal
Ru
Sif Muna
Trog
Uskayaw
Vehumet
Wu Jian
Xom
Yredelemnul
Zin
The Shining One

Shops:
D:4 [   D:5 *


Innate Abilities, Weirdness & Mutations

((You are very nimble when in or above water. (Stealth+, EV+, Speed+++)))
Your lower body shifts to a powerful aquatic tail in water.


Message History

You start resting.
A boulder beetle is nearby!
You throw a poisoned dart.
The poisoned dart hits the boulder beetle.
The boulder beetle is poisoned.
You throw a poisoned dart.
The poisoned dart hits the boulder beetle.
The boulder beetle looks even sicker.
The boulder beetle is lightly wounded.
You throw a poisoned dart.
The poisoned dart hits the boulder beetle.
The boulder beetle looks even sicker.
The boulder beetle is lightly wounded.
You throw a poisoned dart.
The poisoned dart hits the boulder beetle.
The boulder beetle looks as sick as possible!
The boulder beetle is lightly wounded.
You hit the boulder beetle but do no damage.
The boulder beetle is lightly wounded.
You hit the boulder beetle but do no damage.
The boulder beetle is lightly wounded.
The boulder beetle bites you!!
You hit the boulder beetle but do no damage.
The boulder beetle is moderately wounded.
The boulder beetle closely misses you.
You hit the boulder beetle but do no damage.
The boulder beetle is moderately wounded.
You hit the boulder beetle but do no damage.
The boulder beetle is moderately wounded.
The boulder beetle bites you!!
You are too injured to fight recklessly!
You are too injured to fight recklessly!
The boulder beetle attacks as you move away!
The boulder beetle bites you!!
* * * LOW HITPOINT WARNING * * *
The boulder beetle curls into a ball and begins rolling!
There is a stone staircase leading up here.
You feel much better. The boulder beetle hits you!!!
Ouch! That really hurt!
You die...

. ≈≈≈......>..#
≈≈≈.........#
≈≈≈.........#
≈≈≈.........#
#≈≈.........#
#≈≈.........#
#≈≈.........#
#≈≈...†.....#
#≈≈......@..#
≈≈≈......B..#
..........°.# .
≈≈≈........°##....
##≈..........(((((.
#≈.....##....?.###
#≈.....##......#
#≈..... #......#
≈..... #......#


You could see a boulder beetle (rolling, very poisoned).

Vanquished Creatures
  2 two-headed ogres
  An ugly thing (D:6)
  Maggie (D:7)
  Grinder (D:5)
  A wraith (D:11)
  2 wyverns
  8 yaks
  A steam dragon (D:7)
  Grum (D:9)
  An acid dragon (D:10)
  A sky beast (D:7)
  A water moccasin (D:8)
  3 ice beasts
  2 orc warriors
  A black bear (D:4)
  2 centaurs (D:6)
  An ogre (D:5)
  3 wolves
  4 kobold brigands
  A phantom (D:5)
  4 necrophages
  5 bullfrogs
  3 elf zombies (Ossuary)
  A gnoll sergeant (D:9)
  2 scorpions
  6 wights
  7 killer bees (D:8)
  7 howler monkeys
  2 centaur zombies (Ossuary)
  2 human zombies (Ossuary)
  2 jellies
  3 orc priests
  6 hounds
  Jessica (D:2)
  2 iguanas
  Terence (D:2)
  7 orc wizards
  2 mummies (Ossuary)
  3 gnolls (D:9)
  10 adders
  A shadow imp (D:8)
  A white imp (D:5)
  4 ufetubi
  3 worms
  2 dart slugs (D:3)
  25 orcs
  4 endoplasms
  5 giant cockroaches
  7 goblins
  7 hobgoblins
  4 jackals (D:5)
  46 kobolds
  4 quokkas
  4 ball pythons
  4 bats
  3 frilled lizards
  3 goblin zombies
  5 hobgoblin zombies (Ossuary)
  A jackal zombie (Ossuary)
  10 kobold zombies (Ossuary)
  11 orc zombies (Ossuary)
  A quokka zombie (D:5)
  A rat zombie (Ossuary)
270 creatures vanquished.

Vanquished Creatures (others)
  A human (D:8)
  26 plants
27 creatures vanquished.

Grand Total: 297 creatures vanquished

Notes
Turn   | Place    | Note
-------+----------+-------------------------------------------
     0 | D:1      | devnull the Merfolk Gladiator began the quest for the Orb.
     0 | D:1      | Reached XP level 1. HP: 16/16 MP: 1/1
   194 | D:1      | Reached XP level 2. HP: 18/22 MP: 2/2
   521 | D:1      | Reached skill level 5 in Polearms
  1070 | D:2      | Found a burning altar of Makhleb.
  1284 | D:2      | Reached XP level 3. HP: 23/27 MP: 3/3
  1452 | D:2      | Found a faded altar of an unknown god.
  1484 | D:2      | Reached skill level 6 in Polearms
  1845 | D:2      | Noticed Jessica
  1853 | D:2      | Killed Jessica
  1854 | D:2      | Reached XP level 4. HP: 32/33 MP: 4/4
  1889 | D:2      | Noticed Terence
  1913 | D:2      | Killed Terence
  1914 | D:2      | Reached skill level 7 in Polearms
  2282 | D:2      | Reached XP level 5. HP: 36/38 MP: 5/5
  3242 | D:3      | Reached skill level 8 in Polearms
  3467 | D:3      | Found a stormy altar of Qazlal.
  3711 | D:3      | Found a shimmering blue altar of Sif Muna.
  3791 | D:4      | Reached skill level 9 in Polearms
  3791 | D:4      | Reached XP level 6. HP: 30/44 MP: 6/6
  3860 | D:4      | Noticed a black bear
  4110 | D:4      | Killed a black bear
  4111 | D:4      | Reached skill level 10 in Polearms
  4111 | D:4      | Reached XP level 7. HP: 46/50 MP: 7/7
  4653 | D:4      | Found Olear's Antique Armour Boutique.
  4913 | D:5      | Entered Level 5 of the Dungeon
  5024 | D:5      | Reached skill level 11 in Polearms
  5071 | D:5      | Found a sand-covered staircase.
  5154 | Ossuary  | Entered an ossuary
  5486 | Ossuary  | Reached skill level 12 in Polearms
  5486 | Ossuary  | Reached XP level 8. HP: 44/56 MP: 8/8
  5789 | D:5      | Found Isaupakh's General Store.
  5800 | D:5      | Bought a scroll of identify for 22 gold pieces
  5800 | D:5      | Bought a scroll of identify for 22 gold pieces
  5800 | D:5      | Bought a scroll of identify for 22 gold pieces
  5890 | D:5      | Found a staircase to the Ecumenical Temple.
  5908 | Temple   | Entered the Ecumenical Temple
  6075 | D:5      | Noticed Grinder
  6077 | D:5      | Paralysed by Grinder for 2 turns
  6087 | D:5      | Killed Grinder
  6088 | D:5      | Reached skill level 13 in Polearms
  6276 | D:5      | Found a hazy altar of Hepliaklqana.
  6300 | D:5      | Reached skill level 14 in Polearms
  6417 | D:5      | Found an ornate altar of the Wu Jian Council.
  6464 | D:5      | Reached skill level 5 in Dodging
  6739 | D:5      | Bought a potion of heal wounds for 55 gold pieces
  6810 | D:6      | Found a bloodstained altar of Trog.
  6850 | D:6      | Reached XP level 9. HP: 61/61 MP: 9/9
  7040 | D:6      | Found a snail-covered altar of Cheibriados.
  7311 | D:7      | Noticed Maggie
  7360 | D:7      | Killed Maggie
  7591 | D:7      | Reached skill level 10 in Dodging
  7938 | D:7      | Found a hide-covered altar of Uskayaw.
  8088 | D:7      | Noticed a green ugly thing
  8110 | D:6      | Killed a green ugly thing
  8111 | D:6      | Reached XP level 10. HP: 37/77 MP: 10/10
  8529 | D:7      | Found a sparkling altar of Nemelex Xobeh.
  8880 | D:8      | Found an ancient bone altar of Kikubaaqudgha.
  9427 | D:8      | Found a shimmering altar of Xom.
  9967 | D:9      | Noticed Grum
  9968 | D:9      | Noticed a two-headed ogre
  9983 | D:8      | Killed a two-headed ogre
 10092 | D:9      | Killed Grum
 10240 | D:9      | Noticed a two-headed ogre
 10744 | D:9      | Found a broken altar of Ashenzari.
 10775 | D:9      | Killed a two-headed ogre
 11085 | D:9      | Reached skill level 10 in Fighting
 11218 | D:9      | Found a sacrificial altar of Ru.
 11219 | D:9      | Found a glowing silver altar of Zin.
 11433 | D:10     | Entered Level 10 of the Dungeon
 11467 | D:10     | Found a glowing golden altar of the Shining One.
 11470 | D:10     | Became a worshipper of the Shining One
 11487 | D:10     | Found a staircase to the Orcish Mines.
 11498 | D:10     | Reached XP level 11. HP: 88/91 MP: 11/11
 12236 | D:11     | Reached * piety under the Shining One
 12239 | D:11     | Noticed a two-headed ogre
 12491 | D:11     | Noticed a boulder beetle
 12512 | D:11     | Demolished by a boulder beetle

Illustrated notes

Levels and vault maps discovered:
D:1:      noname_arrival_rooms_in_the_neighbourhood, layout_rooms,
          serial_forest, infiniplex_forest_straight_4,
          infiniplex_forest_lined_room_, infiniplex_forest_clump_small,
          infiniplex_forest_clump_cross, infiniplex_forest_clump_long,
          infiniplex_forest_corner_2, infiniplex_forest_clump_double,
          infiniplex_forest_lined_room_, infiniplex_forest_zigzag_1
D:2:      layout_basic, shapermc_ecumenical_altar_totnotflames, basic_altar,
          grunt_ministairs_13, uniq_terence, uniq_jessica
D:3:      layout_loops_cross, grunt_qazlal_clouds,
          lemuel_coloured_pillars_altar, minmay_circle_x
D:4:      layout_cave_pools, serial_shops, nicolae_shop_trees,
          serial_bayou_pond_e, serial_bayou_pond_a, serial_bayou_lagoon_a,
          minmay_surrounded
D:5:      layout_loops_ring, nicolae_wu_jian_immortal_techniques,
          mainiacjoe_overflow_six_doors_small, minmay_temple_entry_poolview,
          enter_ossuary_4, serial_shops, shop, uniq_grinder
D:6:      layout_rooms, trog_book, cheibriados_altar_1
D:7:      layout_gridville, mainiacjoe_overflow_alcove_4,
          nicolae_uskayaw_suspiria, uniq_maggie
D:8:      layout_layer_cave, tgw_kikubaaqudgha, mainiacjoe_overflow_alcove_1
D:9:      kennysheep_kobold_camp, layout_basic, nicolae_ashenzari_skybound,
          gammafunk_temple_overflow_statue, uniq_grum
D:10:     layout_rooms, tso_oasis_becter, orc_0_dummy
D:11:     lemuel_troll_bridge, layout_long_grid, erik_lair_island,
          abandoned_shop, guppyfry_shop_venom
Temple:   nicolae_temple_two_arcs

Skill      XL: |  1  2  3  4  5  6  7  8  9 10 11 |
---------------+----------------------------------+-----
Polearms       | 5 6 7 9 10 12 14 | 14.0
Dodging        | 6 10 12 | 12.0
Fighting       | 6 10 11 | 11.9
Throwing       | |  2.0

Action                   |  1- 3 |  4- 6 |  7- 9 | 10-12 || total
-------------------------+-------+-------+-------+-------++-------
Melee: Trident           |   119 |   179 |   491 |   375 ||  1164
Throw: Throwing net      |       |     2 |     1 |     1 ||     4
       Dart              |       |     6 |       |    10 ||    16
       Javelin           |       |       |     1 |       ||     1
Evoke: Wand              |       |       |       |     1 ||     1
  Use: Potion            |       |     1 |     2 |     1 ||     4
       Scroll            |       |     3 |     9 |     6 ||    18
 Stab: Sleeping          |     1 |     2 |     1 |       ||     4
       Held in net/web   |       |     2 |     3 |       ||     5
       Distracted        |       |       |     1 |       ||     1
Armor: Leather armour    |    27 |    37 |    47 |    40 ||   151
Dodge: Dodged            |    44 |   112 |   189 |   192 ||   537
Block: Buckler           |    13 |    28 |    33 |    29 ||   103
